 Dungeon Crawl Stone Soup version 0.31-a0-1-g4198be8af4 (webtiles) character file.

Game seed: 2525610570318393005

12055 HoaS the Skirmisher (level 12, -2/78 HPs)
             Began as a Formicid Hunter on May 1, 2023.
             Was an Initiate of Gozag.
             Slain by a catoblepas (6 damage)
             ... while petrified by a catoblepas
             ... on level 9 of the Dungeon.
             The game lasted 00:24:05 (9411 turns).

HoaS the Skirmisher (Formicid Hunter)               Turns: 9411, Time: 00:24:06

Health: -2/78      AC: 17    Str: 19    XL:     12   Next: 15%
Magic:  12/12      EV:  2    Int: 10    God:    Gozag
Gold:   1276       SH:  0    Dex: 26    Spells: 11/11 levels left

rFire   x . .        a - +0 shortbow (elec)
rCold   . . .        u - +0 kite shield of the Game of Kings {rElec Str+3}
rNeg    + + +        o - +3 steam dragon scales
rPois   ∞            (helmet unavailable)
rElec   +            j - +0 cloak
rCorr   .            d - +1 pair of gloves of the Arcane {rElec rF- Dex+5}
SInv    +            w - +1 pair of boots of Seggoadi {-Tele rElec rN++}
Will    +....        (no amulet)
Stlth   ++           r - +4 ring of protection
HPRegen 0.33/turn    i - +5 ring of evasion
MPRegen 0.13/turn

%: no passive effects
@: petrified, studying Dodging
A: permanent stasis, dig shafts and tunnels, antennae 3, four strong arms
a: Dig, Shaft Self, Renounce Religion, Potion Petition, Call Merchant, Bribe
Branch


You were on level 9 of the Dungeon.
You worshipped Gozag.
Gozag was most pleased with you.
You visited 3 branches of the dungeon, and saw 11 of its levels.

You collected 2152 gold pieces.
You spent 809 gold pieces at shops.
You paid 67 gold pieces to Gozag.

Inventory:

Hand Weapons
 a - a +0 shortbow of electrocution (weapon)
Armour
 d - the +1 pair of gloves of the Arcane (worn) {rElec rF- Dex+5}
   (You found it on level 2 of the Dungeon)

   Dex:       It affects your dexterity (+5).
   rF:        It makes you vulnerable to fire.
   rElec:     It insulates you from electricity.
 j - a +0 cloak (worn)
 o - +3 steam dragon scales (worn)
 u - the +0 kite shield of the Game of Kings (worn) {rElec Str+3}
   (You found it on level 9 of the Dungeon)

   Str:       It affects your strength (+3).
   rElec:     It insulates you from electricity.
 w - the +1 pair of boots of Seggoadi (worn) {-Tele rElec rN++}
   (You bought it in a shop on level 2 of the Dungeon)

   rElec:     It insulates you from electricity.
   rN:        It greatly protects you from negative energy.
   -Tele:     It prevents most forms of teleportation.
Jewellery
 f - a ring of ice
 i - a +5 ring of evasion (right hand)
 r - a +4 ring of protection (left hand)
Wands
 l - a wand of mindburst (17)
 m - a wand of polymorph (7)
 q - a wand of light (8)
Scrolls
 b - a scroll of immolation
 c - 4 scrolls of identify
 p - a scroll of magic mapping
Potions
 e - 5 potions of curing
 g - 2 potions of attraction
 h - 2 potions of mutation
 k - 2 potions of lignification
 n - 2 potions of invisibility
 s - 2 potions of heal wounds
 t - a potion of ambrosia


   Skills:
 - Level 2.1 Fighting
 * Level 14.3 Ranged Weapons
 - Level 10.6 Dodging
 - Level 1.2 Stealth
 - Level 10.0 Shields


You had 11 spell levels left.
You didn't know any spells.
Your spell library contained the following spells:

 Spells                   Type           Power      Damage    Failure   Level
 Freeze                   Ice            0%         1d3       58%         1
 Magic Dart               Conj           0%         1d3       58%         1
 Sting                    Tmut/Pois      0%         1d3       58%         1
 Cigotuvi's Dreadful Rot  Necr/Pois/Air  0%         N/A       73%         2
 Lesser Beckoning         Tloc           0%         N/A       73%         2
 Poisonous Vapours        Pois/Air       0%         N/A       73%         2
 Searing Ray              Conj           0%         2d4       73%         2
 Dazzling Flash           Conj/Hex       0%         N/A       91%         3
 Frozen Ramparts          Ice            0%         1d1       91%         3
 Gell's Gravitas          Tloc           0%         N/A       91%         3
 Hailstorm                Conj/Ice       0%         3d3       91%         3
 Teleport Other           Tloc           0%         N/A       91%         3
 Fulminant Prism          Conj/Hex       0%         3d5       100%        4
 Ice Form                 Ice/Tmut       0%         N/A       100%        4
 Olgreb's Toxic Radiance  Pois           0%         N/A       100%        4
 Summon Ice Beast         Ice/Summ       0%         N/A       100%        4
 Agony                    Necr           0%         N/A       100%        5
 Arcjolt                  Conj/Air       0%         1d10      100%        5
 Freezing Cloud           Conj/Ice/Air   0%         6-21      100%        5
 Silence                  Hex/Air        0%         N/A       100%        5
 Summon Forest            Summ/Tloc      0%         N/A       100%        5
 Summon Mana Viper        Hex/Summ       0%         N/A       100%        5
 Summon Cactus Giant      Summ           0%         N/A       100%        6
 Ozocubu's Refrigeration  Ice            0%         4d7       100%        7
 Polar Vortex             Ice            0%         N/A       100%        9
 Simulacrum               Ice/Necr       Unusable   N/A       N/A         6

Dungeon Overview and Level Annotations

Branches:
Dungeon (9/15)             Temple (1/1) D:5            Lair (1/5) D:9
    Orc (0/2) D:9

Altars:
Ashenzari
Cheibriados
Dithmenos
Elyvilon
Fedhas
Gozag
Kikubaaqudgha
Makhleb
Nemelex Xobeh
Okawaru
Qazlal
Ru
Sif Muna
Trog
Uskayaw
Vehumet
Wu Jian
Xom
Zin
The Shining One

Shops:
D:2 :((**   D:3 ?   D:9 (


Innate Abilities, Weirdness & Mutations

You cannot be hasted, slowed, berserked, paralysed or teleported.
You can dig through walls and to a lower floor.
You have a pair of large antennae on your head. (SInv)
Your four strong arms can wield two-handed weapons with a shield.


Message History

The catoblepas is heavily wounded.
You are engulfed in calcifying dust.
You are slowing down.
You block the catoblepas's attack.
You shoot an arrow.
The arrow completely misses the catoblepas.
You are engulfed in calcifying dust.
Your limbs have turned to stone.
The catoblepas completely misses you.
You have turned to stone.
You are engulfed in calcifying dust.
The catoblepas gores you but does no damage.
You are engulfed in calcifying dust.
The catoblepas gores you!!
You are engulfed in calcifying dust.
The catoblepas gores you!!
You are engulfed in calcifying dust.
The catoblepas gores you!
The catoblepas breathes a plume of calcifying dust at you.
The blast of calcifying dust hits you.
You are engulfed in calcifying dust.
The catoblepas gores you!
You are engulfed in calcifying dust.
The catoblepas gores you but does no damage.
You are engulfed in calcifying dust.
The catoblepas gores you!!
You turn to flesh and can move again.
You shoot an arrow. The arrow hits the catoblepas.
The catoblepas is heavily wounded.
You are engulfed in calcifying dust.
You are slowing down.
The catoblepas gores you!
* * * LOW HITPOINT WARNING * * *
You shoot an arrow. The arrow hits the catoblepas.
The catoblepas is heavily wounded.
You are engulfed in calcifying dust.
The catoblepas gores you!!
* * * LOW HITPOINT WARNING * * *
Your limbs are stiffening.
Unknown command.
You shoot an arrow.
The arrow completely misses the catoblepas.
The catoblepas misses you.
You have turned to stone.
The catoblepas gores you!
* * * LOW HITPOINT WARNING * * *
The catoblepas gores you!
You die...
Your body crumbles into a pile of gold.

...#####..(....~.~....~.#........
)............~.~...~≈~..#........
...............~~.~~≈~...........
..........~~~~~.≈~~≈~............
)..#####....~≈~~≈≈≈≈≈~.~...####..
#..# #....~≈~~~~~≈≈≈≈~...# #..
#..# #..~~≈~.≈.~.~≈≈≈~...# #..
#..# #...~≈~....~≈≈≈≈~...# #..
#..#####...~~.~.@Y~≈≈≈≈≈...####..
#........~..~.....~≈≈≈≈~.........
...........~~~....~≈≈≈≈~.........
#..#####...≈~~....~≈≈~~....###...
.....# #....≈~~..~.≈~≈.....# #...
###..# #....~~≈~.≈≈.~~.....# #...
.###.###...~~≈≈~.~≈~..~.#..# #...
####...#...~~≈≈~.~≈~~...#..# #...
##.#.#.#..~~≈≈.~.~~~~≈..#..# #...


You could see a catoblepas.

Vanquished Creatures
  A two-headed ogre (D:9)
  A centaur warrior (D:8)
  The ghost of PostNTower the Changer, a novice DrTm of Yredelemnul (D:5)
  Maggie (D:7)
  A cane toad (Lair:1)
  A rime drake (shapeshifter) (D:8)
  A tengu conjurer (D:8)
  A troll (D:9)
  A hornet (D:9)
  A slime creature (D:8)
  2 humans (D:7)
  2 wraiths (D:9)
  7 yaks
  A vampire (D:9)
  4 vampire mosquitoes (D:9)
  Grum (D:8)
  Menkaure (D:6)
  3 water moccasins
  2 ice beasts
  6 orc warriors
  A sky beast (D:7)
  4 wolves
  2 centaurs (D:9)
  2 phantoms
  A kobold brigand (D:6)
  4 bullfrogs
  3 scorpions
  A gnoll sergeant (D:8)
  8 wights
  4 killer bees (D:8)
  An electric eel (D:9)
  4 howler monkeys (D:9)
  2 centaur zombies (D:5)
  3 orc priests
  A bullfrog skeleton (D:5)
  2 bullfrog zombies (D:5)
  2 hounds (D:9)
  Crazy Yiuf (D:3)
  A gnoll bouda (D:6)
  5 jellies
  2 iguanas
  7 orc wizards
  12 gnolls
  10 adders
  A shadow imp (D:5)
  2 white imps
  4 ufetubi
  2 worms
  4 dart slugs
  25 orcs
  3 bats
  12 endoplasms
  3 giant cockroaches
  4 goblins
  4 hobgoblins
  4 jackals
  7 quokkas
  5 ball pythons
  5 frilled lizards
  15 kobolds
  8 rats
230 creatures vanquished.

Vanquished Creatures (others)
  A fungus (D:2)
  6 toadstools (D:2)
7 creatures vanquished.

Grand Total: 237 creatures vanquished

Notes
Turn   | Place    | Note
-------+----------+-------------------------------------------
     0 | D:1      | HoaS the Formicid Hunter began the quest for the Orb.
     0 | D:1      | Reached XP level 1. HP: 16/16 MP: 1/1
   178 | D:1      | Reached XP level 2. HP: 22/22 MP: 2/2
   922 | D:2      | Found Seadam's Antique Weapon Shoppe.
   922 | D:2      | Found Vasmekom's Book Boutique.
   934 | D:2      | Reached XP level 3. HP: 27/27 MP: 3/3
   988 | D:2      | Reached skill level 5 in Ranged Weapons
  1018 | D:2      | Reached XP level 4. HP: 30/33 MP: 4/4
  1040 | D:2      | Identified the +1 pair of gloves of the Arcane {rElec rF-
                  | Dex+5}
  1158 | D:2      | Found Pohanogo's Antique Weapon Boutique.
  1263 | D:2      | Reached skill level 6 in Ranged Weapons
  1263 | D:2      | Reached XP level 5. HP: 31/38 MP: 5/5
  1468 | D:2      | Found Foneic's General Store.
  1486 | D:2      | Found Ylosyru's Assorted Antiques.
  1663 | D:3      | Noticed a bullfrog
  1676 | D:3      | Killed a bullfrog
  1677 | D:3      | Reached skill level 7 in Ranged Weapons
  1677 | D:3      | Reached XP level 6. HP: 10/44 MP: 6/6
  1835 | D:3      | Identified the +5 dagger of the Puffball {protect, Dex+3}
  2241 | D:3      | Found a runed translucent door.
  2242 | D:3      | Noticed Crazy Yiuf
  2589 | D:3      | Found Lexzolutats's Magic Scroll Shop.
  2973 | D:4      | Found an ornate altar of the Wu Jian Council.
  3011 | D:4      | Reached skill level 1 in Shields
  3380 | D:4      | Reached XP level 7. HP: 37/50 MP: 7/7
  3550 | D:3      | Killed Crazy Yiuf
  3739 | D:5      | Entered Level 5 of the Dungeon
  3792 | D:5      | Reached skill level 8 in Ranged Weapons
  3889 | D:5      | Found a staircase to the Ecumenical Temple.
  3919 | Temple   | Entered the Ecumenical Temple
  4141 | Temple   | Became a worshipper of Gozag Ym Sagoz the Greedy
  4448 | D:5      | Found a runed translucent gate.
  4449 | D:5      | Found a runed translucent gate.
  4450 | D:5      | Found a runed translucent gate.
  4453 | D:5      | Noticed PostNTower's ghost (novice DrTm)
  4647 | D:5      | Found an ancient bone altar of Kikubaaqudgha.
  4807 | D:6      | Reached XP level 8. HP: 50/56 MP: 8/8
  4855 | D:5      | Reached skill level 9 in Ranged Weapons
  5010 | D:6      | Noticed Menkaure
  5018 | D:6      | Killed Menkaure
  5019 | D:6      | Reached skill level 10 in Ranged Weapons
  5137 | D:6      | Identified the +1 robe of Ziqio {Regen+ Slay+6}
  5258 | D:6      | Reached XP level 9. HP: 61/61 MP: 9/9
  5357 | D:6      | Found a glowing golden altar of the Shining One.
  5711 | D:7      | Reached skill level 11 in Ranged Weapons
  5711 | D:7      | Reached skill level 5 in Shields
  5753 | D:7      | Found a shadowy altar of Dithmenos.
  5823 | D:7      | Found an iron altar of Okawaru.
  5901 | D:7      | Noticed Maggie
  5912 | D:7      | Killed Maggie
  5929 | D:7      | Reached skill level 10 in Dodging
  5929 | D:7      | Reached XP level 10. HP: 67/67 MP: 10/10
  6279 | D:7      | Reached skill level 12 in Ranged Weapons
  6333 | D:7      | Found a radiant altar of Vehumet.
  6794 | D:3      | Bought a scroll of acquirement for 572 gold pieces
  6794 | D:3      | Acquired a manual of Dodging
  7128 | D:8      | Reached XP level 11. HP: 72/72 MP: 11/11
  7181 | D:8      | Noticed a centaur warrior
  7196 | D:8      | Noticed Grum
  7210 | D:8      | Killed Grum
  7249 | D:8      | Killed a centaur warrior
  7272 | D:8      | Acquired 690 gold pieces
  7409 | D:8      | Got the Cyclopedia of the Birds
  7594 | D:8      | Found a sacrificial altar of Ru.
  7680 | D:9      | Found a staircase to the Lair.
  7749 | D:9      | Reached skill level 13 in Ranged Weapons
  7810 | D:9      | Found a staircase to the Orcish Mines.
  7810 | D:9      | Found Hoduc's Weapon Shoppe.
  8122 | D:9      | Found a bloodstained altar of Trog.
  8126 | D:9      | Identified the +0 kite shield of the Game of Kings {rElec
                  | Str+3}
  8265 | D:9      | Noticed a two-headed ogre
  8275 | D:9      | Killed a two-headed ogre
  8487 | D:2      | Bought a pair of warped boots for 237 gold pieces
  8487 | D:2      | Identified the +1 pair of boots of Seggoadi {-Tele rElec
                  | rN++} (You bought it in a shop on level 2 of the Dungeon)
  8648 | D:5      | Killed PostNTower's ghost
  8934 | D:9      | Reached XP level 12. HP: 78/78 MP: 12/12
  9057 | D:9      | Reached skill level 14 in Ranged Weapons
  9333 | Lair:1   | Entered Level 1 of the Lair of Beasts
  9353 | Lair:1   | Noticed a catoblepas
  9355 | Lair:1   | Reached skill level 10 in Shields
  9410 | D:9      | HP: 3/78 [catoblepas (7)]
  9411 | D:9      | Slain by a catoblepas

Illustrated notes

Levels and vault maps discovered:
D:1:      dpeg_arrival_prison, layout_loops_corners, kennysheep_flooded_box
D:2:      cheibrodos_fertilizer, layout_rooms, serial_shops, shop, shop, shop,
          shop, nicolae_shop_statue_plus, minmay_split_cup_large
D:3:      layout_basic, serial_shops, nicolae_shop_rolled_up,
          uniq_crazy_yiuf_cottage
D:4:      layout_loops_ring, mainiacjoe_overflow_tiny_flanked,
          grunt_ministairs_6
D:5:      layout_gridville, overflow_temple_1_default,
          minmay_temple_entry_mini_moons, gammafunk_ghost_necromancy
D:6:      layout_rooms, general_overflow_altar, lemuel_flamethrower_1,
          uniq_menkaure
D:7:      layout_gridville, okawaru_humans, marbit_many_paths,
          grunt_dithmenos_smoke_and_mirrors, minmay_misc_feat_enclosed,
          minmay_holes, nicolae_fountain_basement, uniq_maggie
D:8:      layout_basic, nicolae_ru_path_of_blood, kb_rosetta, uniq_grum
D:9:      layout_long_grid, trog_three_pillars_becter, erik_lair_island,
          orc_david_3, chequers_serial_rivers_large_a, minmay_quadrilaterals
Temple:   hellmonk_temple_forest_ring
Lair:1:   layout_misc_corridors, lemuel_fruit_fields, grunt_megastairs_2,
          uniq_gastronok

Skill      XL: |  1  2  3  4  5  6  7  8  9 10 11 12 |
---------------+-------------------------------------+-----
Ranged Weapons | 5 6 7 8 10 11 12 13 14 | 14.3
Shields        | 1 3 4 6 7 9 10 | 10.0
Dodging        | 10 | 10.6
Fighting       | |  2.1
Stealth        | |  1.2

Action                     |  1- 3 |  4- 6 |  7- 9 | 10-12 || total
---------------------------+-------+-------+-------+-------++-------
   Fire: Shortbow          |    67 |   158 |   256 |   435 ||   916
Ability: Dig               |       |     2 |       |       ||     2
    Use: Scroll            |     3 |     7 |     7 |     8 ||    25
         Potion            |       |       |     2 |       ||     2
 Armour: Leather armour    |     4 |    15 |    29 |       ||    48
         Robe              |       |       |     9 |       ||     9
         Steam dragon scal |       |       |       |    55 ||    55
  Dodge: Dodged            |    10 |    40 |    71 |   227 ||   348
  Block: Kite shield       |       |     7 |    92 |   222 ||   321

Table legend: (Time is in decaauts)
 A = Elapsed time spent in this place.
 B = Non-inter-level travel time spent in this place.
 C = Inter-level travel time spent in this place.
 D = Time resting spent in this place.
 E = Time spent auto-exploring this place.
 F = Levels seen in this place.
 G = Mean time per level.
                   A        B        C        D        E       F      G
               +--------+--------+--------+--------+--------+-----+--------+
         Total |   9552 |   8344 |   1208 |    802 |   5652 |  11 |  868.4 |
       Dungeon |   9288 |   8106 |   1182 |    802 |   5507 |   9 | 1032.0 |
        Temple |    231 |    205 |     26 |      0 |    143 |   1 |  231.0 |
          Lair |     33 |     33 |      0 |      0 |      2 |   1 |   33.0 |
               +--------+--------+--------+--------+--------+-----+--------+

Top non-repeatable levels by time:
     D:3: 1593 daAuts
     D:9: 1301 daAuts
     D:7: 1067 daAuts
     D:5: 1040 daAuts
     D:1: 968 daAuts
     D:6: 905 daAuts
     D:4: 839 daAuts
     D:2: 815 daAuts
     D:8: 756 daAuts
  Temple: 231 daAuts
  Lair:1: 33 daAuts
